 Dungeon Crawl Stone Soup version 0.20.1-1-g8b1a95d (webtiles) character file.

32 mythless the Skirmisher (level 3, 0/26 HPs)
             Began as a Halfling Abyssal Knight on Nov 5, 2017.
             Was a Follower of Lugonu.
             Slain by a quokka (1 damage)
             ... on level 2 of the Dungeon.
             The game lasted 00:05:01 (809 turns).

mythless the Skirmisher (Halfling Abyssal Knight)    Turns: 809, Time: 00:05:02

Health: 0/26       AC:  8    Str: 14    XL:     3   Next: 42%
Magic:  4/4        EV:  8    Int: 10    God:    Lugonu [*.....]
Gold:   44         SH:  0    Dex: 13    Spells: 2/2 levels left

rFire    . . .     SeeInvis .   a - +1 mace
rCold    . . .     Gourm    .   (shield restricted)
rNeg     . . .     Faith    .   i - +0 chain mail
rPois    .         Spirit   .   (no helmet)
rElec    .         Reflect  .   (no cloak)
rCorr    .         Harm     .   (no gloves)
MR       .....                  (no boots)
Stlth    ..........             (no amulet)
Regen    0.1/turn               (no ring)
MPRegen  0.1/turn               (no ring)

@: no status effects
A: mutation resistance 1
a: Depart the Abyss, Renounce Religion


You were on level 2 of the Dungeon.
You worshipped Lugonu.
Lugonu was aware of your devotion.
You were not hungry.

You visited 1 branch of the dungeon, and saw 2 of its levels.
You visited the Abyss 1 time.

You collected 44 gold pieces.

Inventory:

Hand Weapons
 a - a +1 mace (weapon)
Armour
 b - a +0 leather armour
 i - a +0 chain mail (worn)
Scrolls
 g - a scroll of fog {unknown}
 j - a scroll of blinking {unknown}
 k - a scroll of noise {unknown}
 l - a scroll of identify {unknown}
Potions
 d - a potion of curing {unknown}
 e - a potion of brilliance {unknown}
 h - a potion of heal wounds {unknown}
 m - a potion of mutation {unknown}
Comestibles
 c - a bread ration
 f - 3 meat rations


   Skills:
 + Level 3.1 Fighting
 + Level 2.1 Maces & Flails
 + Level 2.5 Armour
 + Level 1.7 Dodging
 + Level 2.2 Invocations


You had 2 spell levels left.
You didn't know any spells.

Dungeon Overview and Level Annotations

Branches:
Dungeon (2/15)

Altars:


Innate Abilities, Weirdness & Mutations

You are small and have problems with some larger weapons.
You are somewhat resistant to further mutation.


Message History

The adder is almost dead.
You feel sick.
You are no longer poisoned.
The bat hits you but does no damage. The bat barely misses you.
The adder bites you but does no damage. The kobold hits you with a short sword.
* * * LOW HITPOINT WARNING * * *
The adder bites you but does no damage.
You hit the adder.
You kill the adder!
Lugonu accepts your kill. The bat closely misses you.
The bat hits you but does no damage.
The kobold hits you but does no damage. x2
You miss the bat. The bat hits you but does no damage.
The bat barely misses you. x2; The bat hits you but does no damage.
The kobold hits you but does no damage.
You barely miss the bat. The bat hits you but does no damage. x2
The kobold hits you but does no damage.
Your chain mail prevents you from hitting the quokka.
The quokka bites you.
You die...

...#+####.
........ #.....(
.....##### ..
#........#
..######........#
.......bK........
........#@#
........#r###
............#
............#
............#
.......<....#
......).....+
.....#.#....#
...#.#.#.####


You could see a quokka, a bat and a kobold.

Vanquished Creatures
  An adder (D:2)
  An ooze (D:1)
  A dart slug (D:1)
  2 leopard geckos (D:1)
  4 bats (D:1)
  3 hobgoblins (D:1)
  2 kobolds (D:1)
  A rat (D:1)
15 creatures vanquished.

Notes
Turn   | Place    | Note
-------+----------+-------------------------------------------
     0 | Abyss:1  | mythless the Halfling Abyssal Knight began the quest for the Orb.
     0 | Abyss:1  | Reached XP level 1. HP: 15/15 MP: 2/2
     0 | D:1      | Escaped the Abyss
   211 | D:1      | Reached * piety under Lugonu
   211 | D:1      | Reached skill level 3 in Fighting
   211 | D:1      | Reached XP level 2. HP: 16/21 MP: 3/3
   573 | D:1      | Reached XP level 3. HP: 26/26 MP: 4/4
   805 | D:2      | HP: 1/26 [kobold/short sword (2)]
   809 | D:2      | Slain by a quokka

Skill      XL: |  1  2 |
---------------+-------+-----
Fighting       | 3 |  3.1
Maces & Flails | 2 |  2.1
Armour         | |  2.5
Dodging        | |  1.7
Invocations    | |  2.2

Action                   || total
-------------------------++-------
Melee: Mace              ||    62
Invok: Depart the Abyss  ||     1
  Use: Scroll            ||     1
Armor: Chain mail        ||    78
       Leather armour    ||     1
Dodge: Dodged            ||    58
